 Dungeon Crawl Stone Soup version 0.29.1-13-g9f3cf754e1 (webtiles) character file.

Game seed: 15100637486403684681

64131 Priul the Sorcerer (level 14, -3/81 HPs)
             Began as a Deep Elf Conjurer on Feb 9, 2023.
             Was an Elder of Sif Muna.
             Slain by a skeletal warrior
             ... wielding a +0 scimitar
              (23 damage)
             ... on level 15 of the Dungeon on Feb 10, 2023.
             The game lasted 02:02:32 (18724 turns).

Priul the Sorcerer (Deep Elf Conjurer)             Turns: 18724, Time: 02:02:35

Health: -3/81      AC: 12    Str:  3    XL:     14   Next: 70%
Magic:  2/42       EV: 16    Int: 31    God:    Sif Muna [****..]
Gold:   893        SH:  0    Dex: 17    Spells: 16/58 levels left

rFire   . . .      SeeInvis .   C - staff of conjuration
rCold   + + .      Faith    .   (no shield)
rNeg    . . .      Spirit   .   p - +2 robe of the Grue {rElec Archmagi}
rPois   .          Reflect  .   (no helmet)
rElec   +          Harm     .   q - +1 cloak
rCorr   .          Rampage  .   D - +0 pair of gloves
Will    +....      Archmagi +   K - +0 pair of boots {Fly}
Stlth   ++++......              U - amulet of regeneration
HPRegen 1.03/turn               e - +4 ring of protection
MPRegen 0.28/turn               E - ring "Sirir" {Fly rC+ Int+3}

@: animating dead, flying, very slightly contaminated
A: fangs 1, hooves 1, agile 1, cold resistance 1, robust 1
a: Renounce Religion, Channel Magic, Forget Spell, Divine Exegesis


You were on level 15 of the Dungeon.
You worshipped Sif Muna.
Sif Muna was greatly pleased with you.
You visited 2 branches of the dungeon, and saw 16 of its levels.
You also visited: Gauntlet.

You collected 893 gold pieces.

Inventory:

Hand Weapons
 I - the +7 quick blade "Cuhapam" {freeze, rN+ Str+6 Dex+2 SInv}
   (You took it off a minotaur in a Gauntlet)

   It freezes those it strikes, dealing additional cold damage.
   It can also slow down cold-blooded creatures.
   Str:       It affects your strength (+6).
   Dex:       It affects your dexterity (+2).
   rN:        It protects you from negative energy.
   SInv:      It lets you see invisible.
Missiles
 d - 15 poisoned darts
 o - 7 javelins
 y - 19 boomerangs
 G - a throwing net
 Y - a curare-tipped dart
Armour
 c - a +0 troll leather armour
 p - the +2 robe of the Grue (worn) {rElec Archmagi}
   (You found it on level 12 of the Dungeon)

   rElec:     It insulates you from electricity.
   Archmagi:  It increases the power of your magical spells.
 q - a +1 cloak (worn)
 D - a +0 pair of gloves (worn)
 K - a +0 pair of boots of flying (worn)
 M - the +0 robe "Gopp" {rElec rPois}
   (You took it off an orc on level 6 of the Dungeon)

   rElec:     It insulates you from electricity.
   rPois:     It protects you from poison.
Magical Staves
 C - a staff of conjuration (weapon)
 S - a staff of death
Jewellery
 e - a +4 ring of protection (left hand)
 r - a ring of willpower
 t - a ring of protection from fire
 z - the ring "Vikoifot" {rPois rF+ rC+ Str-5 Stlth+}
   (You found it on level 14 of the Dungeon)

   [ring of protection from fire]

   Str:       It affects your strength (-5).
   rF:        It protects you from fire.
   rC:        It protects you from cold.
   rPois:     It protects you from poison.
   Stlth:     It makes you more stealthy.
 E - the ring "Sirir" (right hand) {Fly rC+ Int+3}
   (You took it off a minotaur in a Gauntlet)

   [ring of protection from cold]

   Int:       It affects your intelligence (+3).
   rC:        It protects you from cold.
   Fly:       It grants you flight.
 U - an amulet of regeneration (around neck)
Wands
 H - a wand of digging (5)
 L - a wand of flame (27)
 N - a wand of roots (5)
 T - a wand of polymorph (4)
 W - a wand of paralysis (10)
 X - a wand of quicksilver (7)
Scrolls
 f - 6 scrolls of teleportation
 g - 4 scrolls of noise
 h - 8 scrolls of fear
 j - 2 scrolls of poison {unknown}
 k - 3 scrolls of magic mapping
 l - 2 scrolls of torment {unknown}
 s - a scroll of blinking
 x - 3 scrolls of amnesia
 J - 2 scrolls of butterflies
 O - a scroll of vulnerability
 P - a scroll of brand weapon
 R - 4 scrolls of enchant weapon
 V - a scroll of enchant armour
 Z - a scroll of summoning
Potions
 a - 3 potions of lignification
 b - a potion of magic
 m - 5 potions of flight
 n - 6 potions of curing
 v - 2 potions of resistance
 w - a potion of ambrosia
 A - a potion of invisibility
 B - a potion of mutation
 F - 3 potions of brilliance
 Q - 3 potions of haste
Miscellaneous
 i - a lightning rod (4/4) (quivered)


   Skills:
 - Level 3.5 Fighting
 - Level 4.0 Staves
 - Level 2.8 Armour
 - Level 7.2 Dodging
 - Level 7.4 Stealth
 + Level 22.6 Spellcasting
 - Level 14.3 Conjurations
 - Level 6.9 Hexes
 + Level 2.2 Necromancy
 - Level 4.8 Translocations
 - Level 3.0 Fire Magic
 - Level 0.2 Evocations


You had 16 spell levels left.
You knew the following spells:

 Your Spells              Type           Power      Damage    Failure   Level
a - Magic Dart            Conj           100%       1d8       0%          1
b - Searing Ray           Conj           100%       2d8       0%          2
c - Dazzling Flash        Conj/Hex       100%       N/A       1%          3
d - Fulminant Prism       Conj/Hex       61%        3d27      1%          4
e - Iskenderun's Mystic   Conj/Tloc      100%       2d19      1%          4
f - Flame Wave            Conj/Fire      100%       2d21      1%          4
g - Fireball              Conj/Fire      58%        3d22      1%          5
h - Starburst             Conj/Fire      58%        6d15      3%          6
i - Borgnjor's Vile Clut  Necr/Erth      29%        N/A       16%         5
j - Animate Dead          Necr           65%        N/A       3%          4
k - Leda's Liquefaction   Hex/Erth       35%        N/A       2%          4

Your spell library contained the following spells:

 Spells                   Type           Power      Damage    Failure   Level
 Poisonous Vapours        Pois/Air       100%       N/A       1%          2
 Scorch                   Fire           100%       2d10      1%          2
 Sublimation of Blood     Necr           65%        N/A       1%          2
 Wereblood                Tmut           51%        N/A       1%          2
 Metabolic Englaciation   Hex/Ice        35%        N/A       6%          5
 Corpse Rot               Necr/Pois/Air  56%        N/A       7%          4
 Petrify                  Tmut/Erth      51%        N/A       9%          4
 Dispersal                Tloc           39%        N/A       19%         6
 Lee's Rapid Deconstruct  Erth           25%        3d15*     26%         5
 Death Channel            Necr           32%        N/A       50%         6
 Statue Form              Tmut/Erth      34%        N/A       80%         6
 Summon Cactus Giant      Summ           25%        N/A       80%         6
 Summon Hydra             Summ           25%        N/A       100%        7
 Disjunction              Tloc           39%        N/A       100%        8
 Ignition                 Fire           34%        3d11      100%        8


Dungeon Overview and Level Annotations

Branches:
Dungeon (15/15)            Temple (1/1) D:5            Lair (0/5) D:9
    Orc (0/2) D:10         Vaults (0/5) D:13        Gauntlet (visited)
 Depths: D:15

Altars:
Ashenzari
Cheibriados
Dithmenos
Elyvilon
Fedhas
Gozag
Hepliaklqana
Kikubaaqudgha
Makhleb
Nemelex Xobeh
Okawaru
Qazlal
Ru
Sif Muna
Trog
Uskayaw
Vehumet
Wu Jian
Xom
Yredelemnul
Zin
The Shining One

Shops:
D:5 *   D:6 (:=?   D:7 ::   D:13 ?

Portals:
Trove: D:14 (give +3 gold dragon scales)

Annotations:
D:12 Azrael


Innate Abilities, Weirdness & Mutations

You have very sharp teeth.
You have large cloven feet.
You are agile. (Dex +4, Str/Int -1)
Your flesh is cold resistant. (rC+)
You are robust. (+10% HP)


Message History

Press: ? - help, Dir - look around, f - activate You feel a strong surge of power!
You miscast Starburst.
You are very lightly contaminated with residual magic.
Nothing appears to happen.
The skeletal warrior hits you with a +0 scimitar!
* * * LOW HITPOINT WARNING * * *
The skeletal warrior hits you with a +0 war axe.
* * * LOW HITPOINT WARNING * * *
Casting: Starburst (dangerous; 3% risk of failure)
Confirm with . or Enter, or press ? or * to list all spells.
You feel a strong surge of power!
You erupt in a blast of force!
The mystic blast hits the skeletal warrior!!
The skeletal warrior is severely damaged.
The skeletal warrior is knocked back by the mystic blast.
The skeletal warrior slams into the rock wall!
The skeletal warrior is almost destroyed.
The mystic blast hits the skeletal warrior!
The skeletal warrior is severely damaged.
The skeletal warrior is knocked back by the mystic blast.
Okay, then.
Hit: C) staff of conjuration
Press: ? - help, Dir - move target, f - skeletal warrior
Aim: a skeletal warrior, wielding a +0 scimitar (almost destroyed, about 34% to evade your staff of conjuration)
You barely miss the skeletal warrior.
The skeletal warrior is almost destroyed.
The skeletal warrior completely misses you.
Hit: C) staff of conjuration
Press: ? - help, Dir - move target, f/p - skeletal warrior
Aim: a skeletal warrior, wielding a +0 scimitar (almost destroyed, about 34% to evade your staff of conjuration)
You hit the skeletal warrior but do no damage.
Your bite misses the skeletal warrior.
The skeletal warrior is almost destroyed.
The skeletal warrior barely misses you.
Hit: C) staff of conjuration
Press: ? - help, Dir - move target, f/p - skeletal warrior
Aim: a skeletal warrior, wielding a +0 scimitar (almost destroyed, about 34% to evade your staff of conjuration)
You hit the skeletal warrior but do no damage.
The skeletal warrior is almost destroyed.
The skeletal warrior hits you with a +0 scimitar!!
You die...

##########
.......z)#
##z.####@#
#z# #.#
#.# ..#
###


You could see 2 skeletal warriors.

Vanquished Creatures
  A minotaur (Gauntlet)
  Snorg (D:14)
  A blizzard demon (Gauntlet)
  4 hydras
  2 ogre magi (D:13)
  4 vault guards (D:13)
  3 centaur warriors
  5 two-headed ogres
  2 catoblepae
  11 skeletal warriors
  A wolf spider zombie (D:14)
  2 deep elf pyromancers (D:14)
  5 ugly thing zombies (D:14)
  An orc knight (D:13)
  2 cyclopes
  10 ugly things
  3 manticores
  2 molten gargoyles (Gauntlet)
  6 centaur zombies (D:14)
  2 gargoyles (Gauntlet)
  A kobold demonologist (D:8)
  A yaktaur (D:13)
  A tengu conjurer (D:13)
  5 trolls
  A komodo dragon (D:9)
  2 meliai (D:15)
  A hornet (D:9)
  Grinder (D:5)
  A meliai zombie (D:14)
  5 slime creatures
  Sigmund (D:2)
  A centaur simulacrum (D:14)
  2 shadows
  5 wraiths
  A fire elemental (D:12)
  5 yaks (D:10)
  A wyvern (D:9)
  A human (D:13)
  Menkaure (D:4)
  A steam dragon (D:9)
  An acid dragon (D:12)
  Duvessa (D:7)
  A water moccasin (D:9)
  2 hell hounds (D:12)
  3 orc warriors
  A sky beast (D:8)
  A black bear (D:7)
  An ice beast (D:8)
  4 ogres
  4 centaurs
  2 phantoms
  A kobold brigand (D:10)
  3 bullfrogs
  2 necrophages
  5 scorpions
  8 wights
  Dowan (D:7)
  A jelly (D:7)
  24 killer bees
  2 electric eels (D:8)
  6 hounds
  2 gnoll boudas (D:7)
  5 orc priests
  Crazy Yiuf (D:2)
  Jessica (D:2)
  4 iguanas
  11 orc wizards
  7 adders
  16 gnolls
  2 shadow imps
  2 white imps
  An ufetubus (D:5)
  2 dart slugs
  49 orcs
  7 endoplasms
  7 giant cockroaches
  5 goblins
  8 hobgoblins
  12 kobolds
  4 quokkas
  6 ball pythons
  8 bats
  3 frilled lizards
  3 rats
346 creatures vanquished.

Vanquished Creatures (collateral kills)
  A meliai (D:15)
1 creature vanquished.

Vanquished Creatures (others)
  A komodo dragon (D:13)
  3 meliai zombies (D:15)
  A quokka (D:6)
  98 fulminant prisms
  5 toadstools (D:9)
  6 withered plants (D:14)
114 creatures vanquished.

Grand Total: 461 creatures vanquished

Notes
Turn   | Place    | Note
-------+----------+-------------------------------------------
     0 | D:1      | Priul the Deep Elf Conjurer began the quest for the Orb.
     0 | D:1      | Reached XP level 1. HP: 10/10 MP: 6/6
   177 | D:1      | Reached XP level 2. HP: 15/15 MP: 0/8
   317 | D:1      | Reached skill level 5 in Conjurations
   622 | D:1      | Learned a level 2 spell: Searing Ray
   816 | D:2      | Reached XP level 3. HP: 19/19 MP: 6/9
  1282 | D:2      | Found a runed translucent door.
  1283 | D:2      | Noticed Crazy Yiuf
  1307 | D:2      | Killed Crazy Yiuf
  1308 | D:2      | Reached XP level 4. HP: 6/24 MP: 4/11
  1739 | D:2      | Noticed Sigmund
  1749 | D:2      | Killed Sigmund
  1750 | D:2      | Reached skill level 4 in Spellcasting
  1750 | D:2      | Reached XP level 5. HP: 10/28 MP: 3/14
  2160 | D:2      | Noticed Jessica
  2162 | D:2      | Killed Jessica
  2163 | D:2      | Reached XP level 6. HP: 32/32 MP: 11/15
  2215 | D:2      | Found a faded altar of an unknown god.
  2572 | D:3      | Reached skill level 5 in Spellcasting
  3462 | D:4      | Reached skill level 6 in Spellcasting
  3554 | D:4      | Reached XP level 7. HP: 32/36 MP: 8/18
  3903 | D:4      | Reached skill level 7 in Spellcasting
  4169 | D:4      | Noticed Menkaure
  4564 | D:4      | Killed Menkaure
  4728 | D:4      | Learned a level 3 spell: Dazzling Flash
  4733 | D:4      | Learned a level 4 spell: Fulminant Prism
  4738 | D:4      | Learned a level 4 spell: Iskenderun's Mystic Blast
  4745 | D:5      | Entered Level 5 of the Dungeon
  4756 | D:5      | Reached skill level 8 in Spellcasting
  4756 | D:5      | Reached XP level 8. HP: 41/41 MP: 9/22
  4826 | D:5      | Found Zin's Purification Station.
  4829 | D:5      | Found a glowing silver altar of Zin.
  4891 | D:5      | Found a staircase to the Ecumenical Temple.
  4911 | Temple   | Entered the Ecumenical Temple
  5056 | Temple   | Became a worshipper of Sif Muna the Loreminder
  5334 | D:5      | Found a glowing golden altar of the Shining One.
  5671 | D:5      | Found a basalt altar of Yredelemnul.
  5755 | D:5      | Noticed Grinder
  5757 | D:5      | Paralysed by Grinder for 4 turns
  5764 | D:5      | Killed Grinder
  5765 | D:5      | Reached skill level 9 in Spellcasting
  6155 | D:6      | Found Weucvid's Jewellery Shop.
  6198 | D:6      | Found Omok's Magic Scroll Boutique.
  6254 | D:6      | Found a hazy altar of Hepliaklqana.
  6460 | D:6      | Identified the +0 robe "Gopp" {rElec rPois}
  6602 | D:6      | Reached skill level 10 in Spellcasting
  6787 | D:6      | Found Jaano's Weapon Shop.
  6834 | D:6      | Reached * piety under Sif Muna
  6980 | D:6      | Found an iron altar of Okawaru.
  6980 | D:6      | Found a shimmering altar of Xom.
  6997 | D:6      | Found a blossoming altar of Fedhas.
  7000 | D:6      | Found a bloodstained altar of Trog.
  7034 | D:6      | Found a snail-covered altar of Cheibriados.
  7038 | D:6      | Found an ornate altar of the Wu Jian Council.
  7050 | D:6      | Found a sacrificial altar of Ru.
  7083 | D:6      | Found a white marble altar of Elyvilon.
  7126 | D:6      | Reached skill level 1 in Fighting
  7126 | D:6      | Reached XP level 9. HP: 47/47 MP: 18/25
  7177 | D:6      | Found Cohiet's Book Shop.
  7467 | D:7      | Found Ikywk's Book Boutique.
  7509 | D:7      | Reached skill level 10 in Conjurations
  7642 | D:7      | Reached skill level 11 in Spellcasting
  7740 | D:7      | Found Etrep's Book Shop.
  7778 | D:7      | Noticed Dowan
  7780 | D:7      | Noticed Duvessa
  7784 | D:7      | Killed Dowan
  7792 | D:7      | Killed Duvessa
  7793 | D:7      | Reached skill level 1 in Hexes
  8004 | D:7      | Identified the +3 spear of Karma {antimagic, rElec rN+
                  | rCorr SInv}
  8350 | D:7      | Learned a level 4 spell: Flame Wave
  8700 | D:8      | Reached skill level 12 in Spellcasting
  8856 | D:8      | Noticed a kobold demonologist
  8861 | D:8      | Killed a kobold demonologist
  9211 | D:8      | Reached XP level 10. HP: 52/52 MP: 22/28
  9239 | D:8      | Found a hide-covered altar of Uskayaw.
  9949 | D:9      | Reached skill level 13 in Spellcasting
  9957 | D:9      | Reached skill level 5 in Stealth
  9960 | D:9      | Reached ** piety under Sif Muna
 10451 | D:9      | Reached skill level 5 in Dodging
 10618 | D:9      | Found a shadowy altar of Dithmenos.
 10630 | D:9      | Found a staircase to the Lair.
 10812 | D:9      | Reached skill level 1 in Translocations
 10891 | D:10     | Entered Level 10 of the Dungeon
 11148 | D:10     | Noticed a two-headed ogre
 11157 | D:10     | Killed a two-headed ogre
 11158 | D:10     | Reached skill level 14 in Spellcasting
 11306 | D:10     | Reached skill level 1 in Staves
 11311 | D:10     | Reached *** piety under Sif Muna
 11751 | D:10     | Found a sparkling altar of Nemelex Xobeh.
 11797 | D:10     | Found a staircase to the Orcish Mines.
 11888 | D:11     | Noticed a two-headed ogre
 11896 | D:11     | Killed a two-headed ogre
 11897 | D:11     | Reached XP level 11. HP: 57/57 MP: 15/31
 12066 | D:11     | Noticed a seven-headed hydra
 12074 | D:11     | Killed a seven-headed hydra
 12173 | D:11     | Found a gate leading to a gauntlet.
 12192 | Gauntlet | Entered a Gauntlet
 12192 | Gauntlet | Noticed a catoblepas
 12192 | Gauntlet | Found a transporter.
 12192 | Gauntlet | Found a transporter.
 12196 | Gauntlet | Found a transporter.
 12196 | Gauntlet | Found a transporter.
 12199 | Gauntlet | Found a transporter.
 12206 | Gauntlet | Noticed a blizzard demon
 12209 | Gauntlet | Found a transporter.
 12220 | Gauntlet | Found a transporter.
 12278 | Gauntlet | Found a transporter.
 12288 | Gauntlet | Found a transporter.
 12303 | Gauntlet | Found a transporter.
 12315 | Gauntlet | Found a transporter.
 12328 | Gauntlet | Found a transporter.
 12333 | Gauntlet | Noticed a harpy
 12333 | Gauntlet | a meliai changed into a harpy
 12361 | Gauntlet | Noticed a mana viper
 12361 | Gauntlet | an eye of devastation changed into a mana viper
 12367 | Gauntlet | a mana viper changed into an eye of devastation
 12391 | Gauntlet | Noticed a glowing orange brain
 12391 | Gauntlet | an eye of devastation changed into a glowing orange brain
 12412 | Gauntlet | Noticed a steelbarb worm
 12412 | Gauntlet | a glowing orange brain changed into a steelbarb worm
 12449 | Gauntlet | Noticed a death drake
 12449 | Gauntlet | a steelbarb worm changed into a death drake
 12483 | Gauntlet | Noticed a fire crab
 12507 | Gauntlet | Gained mutation: You have sharp toenails. [potion of
                  | mutation]
 12507 | Gauntlet | Gained mutation: You are robust. (+10% HP) [potion of
                  | mutation]
 12507 | Gauntlet | Gained mutation: You have a pair of small horns on your
                  | head. [potion of mutation]
 12507 | Gauntlet | Lost strength.
 12507 | Gauntlet | Gained mutation: Your mind is acute. (Int +4, Str/Dex -1)
                  | [potion of mutation]
 12712 | Gauntlet | Lost mutation: Your mind is acute. (Int +4, Str/Dex -1)
                  | [potion of mutation]
 12712 | Gauntlet | Lost mutation: You have a pair of small horns on your head.
                  | [potion of mutation]
 12712 | Gauntlet | Gained mutation: You are dopey. (Int -2) [potion of
                  | mutation]
 12713 | Gauntlet | Lost mutation: You are dopey. (Int -2) [potion of mutation]
 12713 | Gauntlet | Lost mutation: You have sharp toenails. [potion of
                  | mutation]
 12713 | Gauntlet | Gained mutation: You have very sharp teeth. [potion of
                  | mutation]
 12713 | Gauntlet | Gained mutation: Your flesh is cold resistant. (rC+)
                  | [potion of mutation]
 12713 | Gauntlet | Gained mutation: You are agile. (Dex +4, Str/Int -1)
                  | [potion of mutation]
 12713 | Gauntlet | Gained mutation: You have large cloven feet. [potion of
                  | mutation]
 12755 | Gauntlet | Reached skill level 15 in Spellcasting
 12755 | Gauntlet | Reached skill level 5 in Hexes
 12755 | Gauntlet | Reached XP level 12. HP: 70/70 MP: 31/33
 12756 | Gauntlet | Reached XP level 13. HP: 75/75 MP: 31/34
 12895 | Gauntlet | Killed a blizzard demon
 12928 | Gauntlet | Identified the amulet "Womesohepu" {rC+ rN+ Regen+ rCorr
                  | Int-4}
 13009 | Gauntlet | Identified the +7 quick blade "Cuhapam" {freeze, rN+ Str+6
                  | Dex+2 SInv}
 13009 | Gauntlet | Identified the ring "Sirir" {Fly rC+ Int+3}
 13009 | Gauntlet | Noticed a minotaur
 13085 | Gauntlet | Killed a minotaur
 13187 | Gauntlet | Identified the +5 dagger of Equilibrium {freeze, rN+}
 13533 | D:11     | Reached skill level 16 in Spellcasting
 14467 | D:12     | Identified the +2 robe of the Grue {rElec Archmagi}
 14482 | D:12     | Noticed Azrael
 14619 | D:12     | Reached skill level 17 in Spellcasting
 15402 | D:12     | Reached skill level 18 in Spellcasting
 15855 | D:13     | Found Qizosos's Magic Scroll Shoppe.
 15873 | D:13     | Reached skill level 19 in Spellcasting
 16201 | D:13     | Reached XP level 14. HP: 81/81 MP: 17/39
 16821 | D:13     | Reached skill level 20 in Spellcasting
 16857 | D:13     | Reached **** piety under Sif Muna
 16937 | D:13     | Found a gate to the Vaults.
 16955 | D:13     | Learned a level 5 spell: Fireball
 16962 | D:13     | Learned a level 6 spell: Starburst
 16968 | D:13     | Learned a level 5 spell: Borgnjor's Vile Clutch
 16973 | D:13     | Learned a level 4 spell: Animate Dead
 17507 | D:14     | Noticed Snorg
 17512 | D:14     | Killed Snorg
 17513 | D:14     | Reached skill level 21 in Spellcasting
 17654 | D:14     | Reached skill level 1 in Necromancy
 18105 | D:14     | Found a portal to a secret trove of treasure.
 18132 | D:14     | Identified the ring "Vikoifot" {rPois rF+ rC+ Str-5 Stlth+}
 18153 | D:14     | Reached skill level 22 in Spellcasting
 18485 | D:14     | Learned a level 4 spell: Leda's Liquefaction
 18692 | D:15     | Entered Level 15 of the Dungeon
 18724 | D:15     | Slain by a skeletal warrior

Illustrated notes

Levels and vault maps discovered:
D:1:      scummos_arrival_simple_fountains, layout_rooms, minivault_23
D:2:      layout_basic, dreamdust_ecumenical_altar_grove, minmay_tromino_v4_a,
          uniq_sigmund, uniq_jessica, uniq_crazy_yiuf_cottage
D:3:      layout_basic
D:4:      layout_cave_pools, serial_park, serial_park_square3
          [serial_park_minivault_5x5_2], serial_park_square3
          [serial_park_minivault_5x5_1], serial_park_tiny_2, serial_park_gazebo
          [serial_park_minivault_5x5_2], serial_park_avenue1,
          serial_park_square3 [serial_park_minivault_5x5_2], dk_noncrumbling_2,
          minmay_surrounded, uniq_menkaure
D:5:      layout_loops_ring, mainiacjoe_overflow_six_doors_small, zin_purify,
          nicolae_tso_carved_into_rock, minmay_temple_entry_wispy,
          ebering_dispersal_statue_hall, uniq_grinder
D:6:      layout_rooms, lemuel_crystal_altar, worldfamousw_hep_ancestral_shrine,
          elyvilon_altar_4, nicolae_overflow_hallway_of_the_gods, serial_shops,
          kennysheep_little_box, nicolae_shop_behind_doors,
          nicolae_stop_n_shop_1, nicolae_diamond_shop, st_stairs_4
D:7:      layout_loops_cross, serial_shops, nicolae_shop_behind_doors,
          nicolae_shop_stone, minmay_diced_spiral, uniq_duvessa
D:8:      layout_basic, eat_drink_and_be_merry_uskayaw,
          kennysheep_generic_room_6
D:9:      layout_loops_ring, lemuel_tele_altar, lair_entry_dummy,
          minmay_gold_behind_fungi, chequers_serial_rivers_micro_e
D:10:     layout_rooms, nemelex_spade_bored_becter, orc_0_dummy
D:11:     layout_roguey, gauntlet_entry_generic
D:12:     wad_cavern_with_rooms, layout_irregular_city, serial_glass,
          glass_columns_a, glass_columns_c, uniq_azrael
D:13:     layout_irregular_city, grunt_vaults_entry_fortified, serial_shops,
          shop
D:14:     layout_cave_pools, enter_trove_0, serial_undead, serial_undead_e,
          serial_undead_f, serial_undead_e, serial_undead_d, serial_undead_e,
          serial_undead_e, skrybe_limestone_x, uniq_snorg
D:15:     grunt_enter_depths_snipers, layout_loops_cross,
          kiku_gazebo_garden_becter, uniq_agnes
Temple:   nicolae_temple_bog_church

Skill      XL: |  1  2  3  4  5  6  7  8  9 10 11 12 13 14 |
---------------+-------------------------------------------+-----
Conjurations   | 5 6 7 8 9 11 12 13 14 | 14.3
Dodging        | 3 4 5 6 7 |  7.2
Stealth        | 3 4 5 6 7 |  7.4
Spellcasting   | 4 6 8 10 12 14 15 19 22 | 22.6
Fighting       | 1 2 3 |  3.5
Hexes          | 1 3 5 6 |  6.9
Translocations | 1 3 4 |  4.8
Staves         | 1 3 4 |  4.0
Armour         | 2 |  2.8
Fire Magic     | 3 |  3.0
Necromancy     | 2 |  2.2
Evocations     | |  0.2

Action                   |  1- 3 |  4- 6 |  7- 9 | 10-12 | 13-15 || total
-------------------------+-------+-------+-------+-------+-------++-------
Melee: Quarterstaff      |       |       |       |    12 |       ||    12
       Staff             |       |       |       |       |     3 ||     3
 Cast: Magic Dart        |    64 |    76 |   139 |    33 |    42 ||   354
       Searing Ray       |     2 |    10 |    69 |    40 |    63 ||   184
       Fulminant Prism   |       |       |     8 |    13 |    77 ||    98
       Iskenderun's Myst |       |       |     3 |     7 |    33 ||    43
       Dazzling Flash    |       |       |     1 |       |       ||     1
       Flame Wave        |       |       |       |     1 |     4 ||     5
       Fireball          |       |       |       |       |    21 ||    21
       Starburst         |       |       |       |       |     8 ||     8
       Animate Dead      |       |       |       |       |     3 ||     3
       Borgnjor's Vile C |       |       |       |       |     2 ||     2
Evoke: Lightning rod     |       |       |       |       |     4 ||     4
       Wand              |       |       |       |       |     1 ||     1
  Use: Scroll            |       |       |     2 |     9 |     7 ||    18
       Potion            |       |       |       |    13 |    11 ||    24
Armor: Robe              |     5 |     3 |    28 |    28 |    21 ||    85
       Troll leather arm |       |       |       |       |     3 ||     3
Dodge: Dodged            |    10 |     4 |    38 |    58 |    81 ||   191
